[Event "XIII Marques de Pombal 2022"]
[Site "Pombal"]
[Date "2022.10.09"]
[Round "6.5"]
[White "Gomes, Micael"]
[Black "Almeida, Joao Pedro Dias"]
[Result "0-1"]
[ECO "B95"]
[WhiteElo "1516"]
[BlackElo "1901"]
[Annotator "TA"]
[PlyCount "86"]
[EventDate "2022.09.28"]
[EventType "swiss"]
[EventCountry "POR"]
[SourceTitle "playchess.com"]
[Source "ChessBase"]
[SourceQuality "1"]
[TimeControl "5400+30"]

1. e4 c5 2. Nf3 d6 3. d4 cxd4 4. Nxd4 Nf6 5. Nc3 a6 6. Bg5 e6 7. Bd3 Be7 8. f4 (8. Qf3 $11) 8... Nc6 {B98: Sicilian Najdorf: 6 Bg5 e6 7 f4 Be7, sidelines.} ({Better is} 8... h6 $15 9. Bh4 Nxe4 10. Bxe7 (10. Nxe4 Bxh4+ 11. g3 d5 $17) 10... Nxc3) 9. Nxc6 $14 bxc6 10. Qf3 {[#]} d5 $146 {The position is equal.} ({Predecessor:} 10... Nd7 11. Bxe7 Qxe7 12. O-O-O Bb7 13. Rhe1 e5 14. g3 O-O 15. Bc4 Nb6 16. Bb3 a5 17. Qe3 Qc7 18. fxe5 dxe5 19. Qc5 a4 20. Bc4 Ba6 21. Bxa6 Rxa6 22. Rd3 {1-0 (22) Hausner,I (2408)-Zimniok,L (2135) Ostrava 2012}) 11. e5 Nd7 12. Bxe7 Qxe7 13. O-O Nc5 14. Qg4 g6 (14... O-O {feels hotter.} 15. Rad1 a5 16. Qh3 g6) 15. Kh1 Rb8 16. Rab1 a5 17. Qe2 h5 18. Nd1 Nxd3 19. Qxd3 Qa7 20. Ne3 (20. Qd2 $11 {remains equal.}) 20... Rb4 21. b3 Rd4 22. Qc3 c5 23. Rbd1 {Strongly threatening Rxd4.} O-O 24. Qb2 Re4 $36 {[%mdl 2048] Black has strong initiative.} 25. Qc1 Ba6 26. c4 d4 27. Nc2 Qa8 28. Ne1 Bb7 {Hoping for ...Re2.} 29. Qd2 {Prevents Re2.} (29. Kg1 $17 {was worth a try.}) 29... h4 30. Nd3 {[#]} h3 $1 {...hxg2+ is the strong threat.} 31. Kg1 ({But not} 31. Nxc5 $2 hxg2+ 32. Qxg2 Bc6 $19) 31... hxg2 32. Rf2 {[#]} Rc8 ({Not} 32... Re3 33. Nxc5 Rd8 34. Nxb7 Qxb7 35. Qxa5 $11 (35. Qxe3 $2 dxe3 36. Rxd8+ Kg7 $19)) 33. Rxg2 (33. f5 $142 exf5 34. Qg5) 33... Re3 $19 34. Rg5 Bf3 35. Re1 Qe4 36. Rxe3 (36. Rg3 $19) 36... dxe3 {Black mates.} 37. Qc3 Rd8 38. Ne1 Rd1 39. Rg3 Qxf4 40. Qxa5 Be2 41. Rxg6+ fxg6 42. Qa8+ Kg7 43. Qb7+ Kh6 {Weighted Error Value: White=0.33/Black=0.11 (very precise)} 0-1

[Event "XIII Marques de Pombal 2022"]
[Site "Pombal"]
[Date "2022.10.09"]
[Round "6.6"]
[White "Gori, Andrea"]
[Black "Gama, Joao Tiago Corregedo"]
[Result "1-0"]
[ECO "B18"]
[WhiteElo "1982"]
[BlackElo "1685"]
[Annotator "TA"]
[PlyCount "195"]
[EventDate "2022.09.28"]
[EventType "swiss"]
[EventCountry "POR"]
[SourceTitle "playchess.com"]
[Source "ChessBase"]
[SourceQuality "1"]
[TimeControl "5400+30"]

1. e4 c6 2. d4 d5 3. Nc3 dxe4 4. Nxe4 Bf5 5. Ng3 Bg6 6. f4 e6 7. Nf3 Nd7 8. h4 h6 9. h5 Bh7 10. Bd3 Qc7 11. Bxh7 Rxh7 12. Qd3 Rh8 13. Ne5 {[%emt 0:03:16] B18: Classical Caro-Kann: 4...Bf5 sidelines.} Nxe5 (13... Be7 $11 {is more appropriate.}) 14. fxe5 (14. dxe5 $14 Ne7 15. Be3) 14... O-O-O $1 $11 15. O-O {The position is equal.} Bc5 (15... c5 $11 {remains equal.}) 16. Be3 (16. c3 $1 $16) 16... f6 $2 ({Black should play} 16... Nf6 $14) 17. Qc4 $18 Bb6 18. Qxe6+ Qd7 19. Qxd7+ Rxd7 20. Nf5 $36 {[%emt 0:00:15][%mdl 2048] Black is under strong pressure.} fxe5 21. dxe5 Bxe3+ 22. Nxe3 {[%emt 0:00:12] Black must now prevent Rf8+.} Ne7 23. c4 (23. b3 $18) 23... g6 {[%emt 0:11:20] [#]} (23... c5 $16 {keeps fighting.}) 24. e6 $1 Rd6 25. hxg6 {[%emt 0:00:13][%cal Bh5g6,Bg6g7][%mdl 32] Strongly threatening g7.} Rxe6 $2 (25... Rg8 {was worth a try.} 26. g7 (26. Rf7 Rxe6 27. Nc2 Rexg6 $11) 26... Rxg7) 26. g7 Rg8 27. Rf8+ Kc7 28. Nf5 Re2 (28... Kb6 $142 29. Rf1 Re4) 29. g3 {[%emt 0:06:00] Threatens to win with Rf7.} Kb6 30. Nxe7 Rxg7 31. Nf5 Rd7 32. b3 {[%emt 0:04:29] Rh8 is the strong threat.} Rdd2 {[%emt 0:01:20] [#]} 33. Nh4 {[%emt 0:00:13] Inhibits Rg2+.} a5 34. Rf3 Kc5 (34... Rb2 $142 35. a3 Rec2) 35. a3 Rb2 36. Raf1 h5 37. Rd1 Rec2 38. Rdd3 (38. Rf5+ $18 Kb6 39. Rf3 (39. Rxh5 Rxb3 40. Nf5 a4 $16)) 38... Re2 39. Rf5+ Kb6 40. Rf1 Kc5 41. Rfd1 (41. Rdf3 $18) 41... Rec2 (41... Ra2 $16 42. Nf3 Rxa3) 42. Re1 (42. Nf3 $18) 42... Kb6 43. Rf3 Kc5 44. Ree3 Rb1+ 45. Rf1 Rbb2 46. Rf5+ Kb6 47. a4 Rb1+ 48. Rf1 Rbb2 49. Ref3 (49. Rd1 $18) 49... Rd2 50. R1f2 (50. Rc1 $16) 50... Rxf2 $11 51. Rxf2 Rxb3 {[%emt 0:00:03][%mdl 4096] Endgame KRN-KR} 52. Nf3 Rc3 53. Kg2 {[%emt 0:02:03] And now Ne5 would win.} Rxc4 54. Ra2 Rb4 55. Kh3 (55. Ne5 $14) 55... Kc5 56. Ra1 Kd5 {[%emt 0:00:21][%mdl 1024] Black has compensation.} 57. Ne1 Ke6 $2 (57... Kc4 $11) 58. Nd3 $18 Rb6 (58... Rc4 $142 59. Nf4+ Kf5 60. Nxh5 Rb4) 59. Nf4+ Kf5 60. Rc1 (60. Nxh5 Rb4 61. Nf4 c5) 60... Ra6 $2 (60... Ke4 61. Rc5 (61. Nxh5 Rb3 $18) 61... Rb1) 61. Nxh5 Kg6 62. Rb1 $2 Kxh5 $11 63. Rxb7 {[%emt 0:00:14] KR-KR} Kg6 64. Rc7 Kg5 65. g4 Kg6 {[%emt 0:01:51] Inhibits Rf7.} 66. Kh4 Kh6 (66... Rb6 $11) 67. Rc8 Kg7 {[%emt 0:01:50] Against Rh8} 68. Kg5 (68. Re8 $5 ) 68... Rb6 69. Rc7+ Kg8 70. Ra7 Rb4 (70... c5 $11) 71. Rxa5 $14 {[%emt 0:00:10] White is more active.} c5 $1 72. Kf5 ({White should try} 72. Ra8+ $16 Kf7 73. Kf5) 72... Kg7 $2 (72... c4 $11) 73. g5 $2 (73. Ra7+ Kf8 74. g5) 73... c4 $18 74. Ra7+ Kg8 75. Ke4 ({Don't play} 75. a5 $6 Rb8 $16) 75... c3+ 76. Kd3 Rc4 {[%emt 0:00:28] Hoping for ...c2.} 77. Kc2 (77. Kxc4 $2 {loses.} c2 78. Kb5 (78. Ra8+ $2 Kg7 $19) 78... c1=Q $19) 77... Rc5 (77... Rg4 {might work better.} 78. a5 Rxg5 79. Kxc3 Rg3+ 80. Kb4 Rg4+ 81. Kc5 Rg5+ 82. Kd4 Rg4+ 83. Kc5 Rg5+ 84. Kc6 Rf5) 78. g6 Rc6 79. Re7 Rc4 80. a5 {[%emt 0:00:18] Intending a6 and mate.} Ra4 81. Re5 $2 (81. Ra7 $18) 81... Ra3 $1 $11 82. Rc5 Kg7 83. Rg5 Kg8 $2 {[%emt 0:00:28][%mdl 8192] Black is on the road to losing.} (83... Kf8 $11) 84. g7 {[%emt 0:00:13] White mates.} Ra1 85. Kxc3 Ra2 86. Kc4 Rb2 87. Kc5 Ra2 88. Kb6 Rb2+ 89. Ka7 Rb1 90. a6 Rb2 91. Rg6 Rb1 92. Rb6 Rf1 93. Rb7 Re1 94. Ka8 Ra1 95. a7 Kh7 96. Kb8 Re1 97. a8=Q Re8+ 98. Ka7 {[%emt 0:00:11] Weighted Error Value: White=0.43/Black=0.40} 1-0

[Event "XIII Marques de Pombal 2022"]
[Site "Pombal"]
[Date "2022.10.08"]
[Round "6.7"]
[White "Ferreira, Eduardo Jose Fernand"]
[Black "Figueiredo, Mario Jose da Rocha"]
[Result "1/2-1/2"]
[ECO "C42"]
[WhiteElo "1641"]
[BlackElo "1842"]
[Annotator "NA RC COMBH"]
[PlyCount "52"]
[EventDate "2022.09.28"]
[EventType "swiss"]
[EventCountry "POR"]
[SourceTitle "playchess.com"]
[Source "ChessBase"]
[SourceQuality "1"]
[TimeControl "5400+30"]

1. e4 e5 2. Nf3 Nf6 3. Nxe5 d6 4. Nf3 Nxe4 5. d4 d5 6. Bd3 Bf5 7. O-O Be7 8. Re1 O-O 9. c4 c6 10. Nc3 Nxc3 11. bxc3 Bxd3 12. Qxd3 dxc4 13. Qxc4 Nd7 14. Bf4 Nb6 15. Qb3 Bf6 16. Rad1 (16. c4 $14) 16... Qd5 $11 17. Be5 Bxe5 18. Rxe5 Qxb3 19. axb3 Rfe8 20. Rde1 Kf8 21. c4 f6 22. Rxe8+ Rxe8 23. Rxe8+ Kxe8 24. Kf1 a5 25. Nd2 a4 26. bxa4 Nxa4 1/2-1/2

[Event "XIII Marques de Pombal 2022"]
[Site "Pombal"]
[Date "2022.10.08"]
[Round "6.8"]
[White "Morais, Vitor Mestre"]
[Black "Alves, Fernando Pereira Rib"]
[Result "1-0"]
[ECO "A06"]
[WhiteElo "1802"]
[BlackElo "1526"]
[Annotator "NA RC COMBH"]
[PlyCount "109"]
[EventDate "2022.09.28"]
[EventType "swiss"]
[EventCountry "POR"]
[SourceTitle "playchess.com"]
[Source "ChessBase"]
[SourceQuality "1"]
[TimeControl "5400+30"]

1. Nf3 d5 2. d4 Bf5 3. Bf4 Nf6 4. e3 Nbd7 5. Be2 h6 6. h3 e6 7. O-O Bd6 8. Bh2 Qe7 9. Nbd2 Bxh2+ 10. Nxh2 e5 11. c3 O-O 12. dxe5 Nxe5 13. Nhf3 Rad8 14. Nd4 (14. Nxe5 $11 Qxe5 15. Qa4) 14... Bc8 15. Qc2 Rfe8 16. Rae1 $15 c5 17. Nf5 Qd7 18. Ng3 c4 19. Rd1 Qc6 20. Nf3 Qc7 21. Nd4 a6 22. Rfe1 b5 23. Bf1 Bb7 24. a3 Nfd7 25. f4 Ng6 26. Qf2 Nc5 27. Qf3 Ne4 28. Ngf5 Qb6 29. g4 Qf6 30. Re2 Nh4 31. Nxh4 Qxh4 32. Rg2 Bc8 33. Ra1 h5 (33... Rd6 $15 {was preferrable.}) 34. a4 {[%emt 0:03:02] [#]} (34. gxh5 $11 {keeps the balance.} Kh8 35. Kh2) 34... f5 $2 {[%emt 0:01:01] [#]} (34... bxa4 $1 $17 {and life is bright.} 35. gxh5 Bd7) 35. g5 $1 ({Much less strong is} 35. Nxf5 $6 Bxf5 36. gxf5 bxa4 $14) ({But not} 35. gxf5 $6 bxa4 36. Be2 (36. Rxa4 Qe1 $11) 36... a3 37. Rxa3 Qe1+ 38. Qf1 Qxf1+ 39. Kxf1 Nf6 $14) 35... g6 36. axb5 axb5 {[%emt 0:00:10] [#]} 37. Nxb5 (37. Kh2 $1 $18 {and the rest is easy.}) 37... Re6 $2 (37... Bb7 $16 {might work better.}) 38. Nd4 Rb6 $2 (38... Nc5 39. Nxe6 Bxe6) 39. Rc2 Ba6 $2 (39... Qg3+ $16 {was necessary.} 40. Qxg3 Nxg3) 40. Kh2 Rdb8 41. Bg2 Bc8 42. Ra2 Bd7 43. Qe2 Qg3+ 44. Kh1 Qxh3+ 45. Bxh3 Ng3+ 46. Kh2 Nxe2 47. Rxe2 Be8 48. Bg2 Bf7 49. Kg3 R8b7 50. Rd2 Re7 51. Kf2 h4 52. Nf3 Rb3 53. Nxh4 Reb7 54. Nf3 Rb8 55. Ne5 1-0

[Event "XIII Marques de Pombal 2022"]
[Site "Pombal"]
[Date "2022.10.09"]
[Round "7.1"]
[White "Almeida, Joao Pedro Dias"]
[Black "Khamrakulov, Ibragim S."]
[Result "1/2-1/2"]
[ECO "B40"]
[WhiteElo "1901"]
[BlackElo "2421"]
[Annotator "TA"]
[PlyCount "39"]
[EventDate "2022.09.28"]
[EventType "swiss"]
[EventCountry "POR"]
[SourceTitle "playchess.com"]
[Source "ChessBase"]
[SourceQuality "1"]
[TimeControl "5400+30"]

1. e4 c5 2. Nf3 e6 3. c4 Nc6 4. d4 cxd4 5. Nxd4 Bc5 6. Nb3 {[%emt 0:03:55] B44: Sicilian: Taimanov: 5 Nb5.} Bb4+ 7. Nc3 Nf6 8. Bd3 {[%emt 0:00:03] The position is equal.} d5 9. exd5 (9. cxd5 {is more complex.} exd5 10. exd5 Bxc3+ 11. bxc3 Qxd5 12. O-O) 9... exd5 10. cxd5 Nxd5 11. O-O Nxc3 12. bxc3 Be7 13. Bf4 Be6 {[%emt 0:14:12] [#]  Weighted Error Value: White=0.02 (flawless) /Black=0.12 (very precise)} {Predecessor:} 14. Re1 $146 Qd7 15. Qf3 Rd8 16. Rad1 Qc8 17. Nd4 Nxd4 18. cxd4 O-O 19. Be5 Bd6 20. Qe4 {½-½ (35) Eljanov,P (2663)-Abasov,N (2632) Douglas 2019} 1/2-1/2

[Event "XIII Marques de Pombal 2022"]
[Site "Pombal"]
[Date "2022.10.09"]
[Round "7.2"]
[White "Paiva, Manuel Maria Fonseca"]
[Black "Padeiro, Jose Joao Tato"]
[Result "0-1"]
[ECO "B02"]
[WhiteElo "1451"]
[BlackElo "2215"]
[Annotator "TA"]
[PlyCount "102"]
[EventDate "2022.09.28"]
[EventType "swiss"]
[EventCountry "POR"]
[SourceTitle "playchess.com"]
[Source "ChessBase"]
[SourceQuality "1"]
[TimeControl "5400+30"]

1. e4 Nf6 2. Nc3 d5 3. e5 d4 4. exf6 dxc3 5. fxe7 cxd2+ (5... Qxe7+ {seems wilder.} 6. Be2 cxb2 7. Bxb2 Bg4) 6. Qxd2 {[%emt 0:01:57][%csl Gd2][%cal Re7d8] [#] B02: Alekhine's Defence: Chase Variation and lines with early Nc3.} Bxe7 7. Qxd8+ Bxd8 8. Bf4 {[%emt 0:03:27] White is slightly better.} Be6 {[%emt 0:02:23] [#]} 9. Bb5+ $146 (9. Nf3 $14) ({Predecessor:} 9. O-O-O O-O 10. Nf3 Nd7 11. Bd3 Nc5 12. Ng5 Nxd3+ 13. Rxd3 Bf5 14. Rd2 c6 15. Nf3 {0-1 (47) Morczynski,R (1134)-Sadzikowski,M (1749) Krakow 2022}) 9... c6 $11 10. Bd3 Nd7 11. Bd6 Ba5+ 12. b4 Bb6 13. Ne2 {[%emt 0:03:23] Prevents Bd4.} O-O-O 14. O-O Nf8 15. Be5 f6 16. Bg3 Ng6 17. Nf4 Nxf4 18. Bxf4 Rd4 19. Bd2 Bf7 (19... Bc4 $5 20. Bf5+ Kc7 $15) 20. a3 ({White should play} 20. Bc3 $11) 20... Bg6 $15 21. Bxg6 hxg6 ({Reject} 21... Rxd2 $6 22. Bf5+ Kb8 23. Rae1 $11) 22. Be3 Rc4 (22... Rdh4 $5 23. Bxb6 Rxh2 $17) 23. Bxb6 axb6 {[%emt 0:00:01][%mdl 4096] Endgame KRR-KRR} 24. Rfe1 Rd8 25. Re2 Rd7 26. g3 g5 27. Kg2 Kc7 28. h3 Rc3 29. g4 (29. a4 $11 {remains equal.}) 29... c5 {[%emt 0:02:18] Black is more active.} (29... b5 $17) 30. b5 $11 Rc4 31. a4 Rcd4 32. Ra3 Kd6 33. a5 (33. Re8 $11 {keeps the balance.}) 33... bxa5 $17 34. Rxa5 Kc7 35. Re6 {[%emt 0:00:56] Black must now prevent b6+.} R4d6 {[%emt 0:00:54] Inhibits b6+.} 36. Re4 {[%emt 0:06:02] [#]} (36. Rxd6 $17 {is a better defense.} Rxd6 37. Ra3) 36... Kb6 $1 $19 37. Rea4 (37. Ra2 $142) 37... Rd2 38. Ra2 R7d4 {[%emt 0:01:36] Hoping for ...Rf4.} 39. R5a3 Rc4 40. Re3 Rcxc2 41. Rxc2 (41. Re6+ $142 Kxb5 42. Rxc2 Rxc2 43. Re7) 41... Rxc2 {[%emt 0:00:04] KR-KR} 42. Re7 Rd2 {[%emt 0:04:52] Threatens to win with ...c4.} 43. Rxg7 c4 {[%emt 0:00:12][%cal Bc5c4,Bc4c3][%mdl 32] ...c3 is the strong threat.} 44. Kf3 c3 45. Rg8 Kxb5 46. Ke3 {[%emt 0:01:15] Inhibits Rd4.} Rd1 (46... Kb4 $142 47. Ra8 Rd1 48. Rc8 Kb3 49. Rb8 Rd7 50. Rc8 c2 51. Ke2 Rd1 52. f3 c1=Q 53. Rxc1 Rxc1 54. Kd3 Rc4 55. Ke2 b5 56. Kf2 b4 57. h4 Rc2+ 58. Ke3 gxh4 59. f4 h3 60. g5 h2 61. Ke4 fxg5 62. Kf5 h1=Q 63. fxg5 Qd5+ 64. Kf4 Rc3 65. g6 Rf3+ 66. Kg4 Qf5+ 67. Kh4 Rh3#) 47. Rc8 Kb4 48. f4 b5 {[%emt 0:00:23] ( -> ...Kb3)} 49. Rc6 Kb3 {[%emt 0:00:14] Black mates.} 50. Rxf6 gxf4+ 51. Kxf4 Rf1+ {[%emt 0:00:11] Weighted Error Value: White=0.89/Black=0.22 (precise)} 0-1

[Event "XIII Marques de Pombal 2022"]
[Site "Pombal"]
[Date "2022.10.09"]
[Round "7.3"]
[White "Ferreira, Hugo Miguel Da Costa"]
[Black "Farias, David Nuno M E"]
[Result "0-1"]
[ECO "A48"]
[WhiteElo "2101"]
[BlackElo "1863"]
[Annotator "TA"]
[PlyCount "104"]
[EventDate "2022.09.28"]
[EventType "swiss"]
[EventCountry "POR"]
[SourceTitle "playchess.com"]
[Source "ChessBase"]
[SourceQuality "1"]
[TimeControl "5400+30"]

1. d4 Nf6 2. Nf3 g6 3. Bg5 d5 4. Nbd2 Bg7 5. e3 O-O 6. Bd3 Nbd7 7. c3 b6 8. Qb1 Bb7 9. O-O c5 {[%emt 0:06:31] D03: 1 d4 d5 2 Nf3 Nf6 3 Bg5, including Torre Attack with early ...d5.} 10. a4 a6 {[%emt 0:03:15] [#]} 11. Re1 $146 ({Predecessor:} 11. b4 cxd4 12. cxd4 e6 13. h3 Rc8 14. Ne5 h6 15. Bh4 g5 16. Bg3 Rc3 17. Qb2 {1-0 (50) Erigaisi,A (2559)-Gukesh,D (2563) Chess.com INT 2020}) 11... Rc8 {[%emt 0:04:00] The position is equal.} 12. e4 (12. b4 $11) 12... cxd4 $15 13. cxd4 dxe4 14. Nxe4 Qc7 15. Ra3 Qb8 16. Ned2 Rfe8 17. Ne5 (17. Rb3 $11 {keeps the balance.}) 17... Nf8 (17... Nxe5 $17 18. dxe5 Ng4) 18. Ndc4 ({Reject} 18. Qa2 Ne6 19. Ndf3 Bd5 $15) (18. Ndf3 $11) 18... Nd5 19. Bh4 Ne6 20. Bg3 {[%emt 0:00:28][%cal Re5g6] aiming for Nxg6!} Qa7 (20... Nxd4 21. Nxg6 $1 Qa7 22. Nf4 $16) 21. Bf1 (21. Qd1 $15) 21... Nxd4 $17 22. Rd3 {[%emt 0:00:04] [#]} (22. Qe4 $142 Nf5 23. Qg4) 22... Nf5 $1 23. Qd1 e6 24. Qb3 Nxg3 25. hxg3 (25. Rxg3 $17 Red8 26. Rf3) 25... Red8 $19 26. Rf3 Rc7 27. g4 h6 28. g5 hxg5 29. Rd3 Rb8 (29... b5 $19 30. axb5 axb5) 30. Nd6 {[%emt 0:00:30] Hoping for Nexf7.} Nf4 ({Better is} 30... b5 $17 {Strongly threatening ...Bxe5.} 31. axb5 axb5) 31. Rg3 $2 (31. Ndxf7 $11 {and White has nothing to worry.} Qa8 32. Nxg5) 31... Bd5 (31... Bxe5 $142 32. Rxe5 Bd5) 32. Qe3 Bf6 (32... b5 $19 {Threatens to win with ...Qxe3.} 33. axb5 axb5 34. Qxa7 Rxa7) 33. Ng4 $15 Be7 (33... Bxb2 34. Nh6+ Kh7 35. Rxg5 $11) 34. Nh6+ {[%emt 0:00:15] [#] Pair of Knights! Black continues to play with concentration.} (34. Qe5 $1 $15 Nh5 35. Nh6+ Kh7 36. Nhxf7 Nxg3 37. Qxg3 Bxd6 38. Nxg5+ Kg8 39. Qxd6) 34... Kg7 $1 $17 35. Ndxf7 (35. Nhxf7 $17 {was forced.} b5 36. Rxg5 (36. Qe5+ $2 Bf6 $19) 36... Qxe3 37. fxe3) 35... Rf8 36. Bd3 $2 (36. Rg4 {might work better.} b5 37. Qxa7 Rxa7 38. g3) 36... Rxf7 $19 {[%emt 0:00:18] Dancing on a razor blade.} 37. Nxf7 Kxf7 38. Be4 Bxe4 39. Qxe4 Qb7 40. Qxb7 Rxb7 41. Rge3 Bc5 42. Rf3 Ke7 {[%emt 0:00:43] And now ...Rd7 would win.} 43. Rg3 (43. g3 $142 Nh3+ 44. Kg2) 43... Kf6 44. Rf3 Ke7 (44... Rd7 $142 45. g3 Rd3 46. Rxd3 Nxd3) 45. Rg3 $1 Rd7 46. Rxg5 Rd2 47. Re4 Nd3 48. Rxg6 Bxf2+ 49. Kh2 Nc5 ({Not} 49... Rxb2 50. Rexe6+ Kf8 51. Ref6+ Ke8 52. Re6+ Kf8 53. Ref6+ Ke8 54. Re6+ Kf8 $11) 50. Rb4 Rd4 51. Rg4 e5 52. Rgxd4 (52. Kh3 $142 Rxb4 53. Rxb4) 52... exd4 {[%emt 0:00:08] Weighted Error Value: White=0.53/Black=0.45} 0-1

[Event "XIII Marques de Pombal 2022"]
[Site "Pombal"]
[Date "2022.10.09"]
[Round "7.4"]
[White "Goncalves, Lucas Jordao"]
[Black "Gori, Andrea"]
[Result "1-0"]
[ECO "C54"]
[WhiteElo "1849"]
[BlackElo "1982"]
[Annotator "TA"]
[PlyCount "57"]
[EventDate "2022.09.28"]
[EventType "swiss"]
[EventCountry "POR"]
[SourceTitle "playchess.com"]
[Source "ChessBase"]
[SourceQuality "1"]
[TimeControl "5400+30"]

1. e4 e5 2. Nf3 Nc6 3. Bc4 Bc5 4. c3 Nf6 5. O-O Bb6 (5... Nxe4 $15 6. d3 d5 7. dxe4 (7. Bb5 Nxf2 8. Rxf2 Bxf2+ 9. Kxf2 O-O $15) 7... dxc4) 6. d4 {[%emt 0:00:09] C54: Giuoco Piano: 4 c3 Nf6, main lines with 5 d4 and 5 d3.} O-O 7. dxe5 Nxe4 {[%emt 0:01:29] [#]} 8. a4 $146 ({Better is} 8. Bd5 $14 Nc5 9. a4) ({Predecessor:} 8. b4 d6 9. Bd5 Nxf2 10. Rxf2 Bxf2+ 11. Kxf2 Nxe5 12. Bg5 Qe8 13. Qd4 c6 14. Bb3 {1-0 (48) Dishank,S (1477)-Shaik,S (1852) New Delhi 2022}) 8... a5 (8... d6 $11 {remains equal.}) 9. b4 $2 (9. Bd5 $16 {and life is bright.} Nc5 10. Bg5) 9... Ne7 (9... axb4 $17 {And now ...d6 would win.} 10. cxb4 Nxb4) 10. Bd5 $11 Nxd5 (10... Nxf2 $11 11. Rxf2 d6) 11. Qxd5 $16 Nxf2 12. Rxf2 Bxf2+ 13. Kxf2 d6 {[%emt 0:01:49] [#]} 14. exd6 $1 {[%emt 0:00:52] White is much more active. The black rooks are badly placed.} ({But not} 14. bxa5 $6 dxe5 15. Qxe5 Re8 $11) 14... Qxd6 15. Qxd6 cxd6 16. Bf4 Rd8 (16... Bf5 $142) 17. Nbd2 Be6 18. Ne4 axb4 19. cxb4 d5 $2 (19... Rdc8 $16) 20. Nd6 Rd7 21. Rc1 g5 $2 {[%emt 0:02:33] Black cannot hold the game after this.} (21... b6 $16 22. a5 bxa5) 22. Nxg5 $18 Rxa4 $2 (22... b6 23. a5 bxa5) 23. Rc8+ Kg7 24. Be5+ Kh6 25. Rg8 Rxb4 26. Nxe6 {[%emt 0:02:03] White mates.} fxe6 27. g4 (27. Re8 Rc7) ({Weaker is} 27. Re8 Rc7 $18) 27... Re7 28. Kg3 Rd7 {[%emt 0:00:37] [#]} 29. Bf6 $1 {[%emt 0:00:28] Weighted Error Value: White=0.35/Black=0.64} 1-0

[Event "XIII Marques de Pombal 2022"]
[Site "Pombal"]
[Date "2022.10.09"]
[Round "7.5"]
[White "Povshednyi, Ivan"]
[Black "Dias, Jose de Oliveira Gas"]
[Result "1-0"]
[ECO "A00"]
[WhiteElo "2140"]
[BlackElo "1397"]
[Annotator "TA"]
[PlyCount "115"]
[EventDate "2022.09.28"]
[EventType "swiss"]
[EventCountry "POR"]
[SourceTitle "playchess.com"]
[Source "ChessBase"]
[SourceQuality "1"]
[TimeControl "5400+30"]

1. g3 e5 2. c4 Nf6 3. Bg2 c6 4. d4 Bb4+ 5. Bd2 Bxd2+ 6. Qxd2 exd4 {A20: English Opening: 1...e5.} 7. Qxd4 O-O 8. Nf3 Re8 {The position is equal.} 9. Nc3 {[#]} Qb6 $146 (9... d5 $11 {remains equal.}) ({Predecessor:} 9... d5 10. O-O-O Qe7 11. cxd5 Nxd5 12. Nxd5 cxd5 13. Qxd5 Be6 14. Qd6 Rc8+ 15. Kb1 Bf5+ {0-1 (27) Schmitt,C (1844)-Manutschehr,A (1620) Playchess.com INT 2020}) 10. b3 Na6 11. O-O Nc5 12. e3 Ne6 (12... h6 $14) 13. Qd6 $16 {White stays focused until the end.} Qc7 14. Rad1 {White has more active pieces.} Qa5 15. Qd2 h6 {[#]} (15... Nc7 $142) 16. Ne4 $1 Qxd2 17. Nxf6+ ({Much worse is} 17. Nexd2 $6 Nc5 $11) 17... gxf6 18. Rxd2 a5 19. Nd4 Ng7 {Against Nf5} 20. Ne2 Ra7 (20... Rb8 $16 {was worth a try.} 21. Nc3 Re5) 21. Nc3 $18 f5 22. Rfd1 b6 23. Bh3 Re7 24. Na4 Rb7 25. Rc1 c5 (25... Rb8 $16 26. Nc3 Re5) 26. Nc3 Kf8 27. Nb5 Rb8 28. Nd6 Bb7 29. Nxf5 Nxf5 30. Bxf5 Bc6 31. a4 Rd8 32. Rd6 Kg7 33. Rcd1 {[#] Rxc6 is the strong threat.} Re5 34. Rxc6 Rxf5 35. Rxb6 {[%mdl 4096] Endgame KRR-KRR} h5 36. h4 Kf8 37. Rb5 Ke7 38. Rxa5 d6 39. b4 Rc8 40. Ra7+ Ke6 41. b5 Re5 42. b6 Re4 43. b7 Rb8 44. a5 {Hoping for a6.} Rxc4 45. a6 {White threatens Ra8 and mate.} Rb4 46. Ra8 R8xb7 47. axb7 Rxb7 48. Rh8 c4 49. Rxh5 c3 50. Rc1 Rc7 51. Ra5 d5 52. Ra3 c2 53. Ra2 f5 54. Raxc2 {White mates.} Rg7 55. h5 Rh7 56. Rc7 Rxh5 57. R1c6+ Ke5 58. Re7# {Weighted Error Value: White=0.06 (flawless) /Black=0.31} 1-0

[Event "XIII Marques de Pombal 2022"]
[Site "Pombal"]
[Date "2022.10.09"]
[Round "7.6"]
[White "Moldovan, Lucas Gabriel"]
[Black "Morais, Vitor Mestre"]
[Result "1/2-1/2"]
[ECO "B25"]
[WhiteElo "1712"]
[BlackElo "1802"]
[Annotator "NA RC COMBH"]
[PlyCount "80"]
[EventDate "2022.09.28"]
[EventType "swiss"]
[EventCountry "POR"]
[SourceTitle "playchess.com"]
[Source "ChessBase"]
[SourceQuality "1"]
[TimeControl "5400+30"]

1. e4 c5 2. Nc3 Nc6 3. g3 g6 4. Bg2 Bg7 5. d3 d6 6. Nge2 e6 7. O-O Nge7 8. Be3 Nd4 {[%emt 0:00:11] The main line 8...Nd4 scores better than 8...0-0.} 9. Rb1 Nec6 10. a3 a5 11. Qd2 O-O 12. f4 Rb8 13. g4 f5 14. exf5 exf5 15. g5 {[%emt 0:02:38] [#]} Re8 $146 ({Predecessor:} 15... Be6 16. h4 d5 17. Ng3 b6 18. Kh2 Qd7 19. a4 Rfe8 20. b3 Bf7 21. Bf2 Nb4 22. Bxd4 Bxd4 {0-1 (37) Berka,L (1766)-Chmelik,J (1999) Marianske Lazne 2018}) 16. Bxd4 Nxd4 17. Nxd4 Bxd4+ 18. Kh1 Bd7 19. Rbe1 Bc6 20. Nd5 a4 21. Rxe8+ Bxe8 22. Re1 Bf7 23. c3 Bg7 24. Qc2 ({But not} 24. Re7 Kf8 25. Re3 Qd7 $11) 24... Qd7 25. Re7 Qb5 26. Qe2 Re8 27. Rxe8+ Qxe8 28. Qxe8+ Bxe8 29. Nb6 Bb5 30. Bxb7 Kf8 31. Nc4 Ke7 32. Bd5 h6 33. h4 hxg5 34. hxg5 Ba6 35. Bc6 Kd8 36. Bxa4 d5 37. Ne5 Bxe5 38. fxe5 Bxd3 $18 39. e6 Ke7 40. Bd7 d4 1/2-1/2